 Dungeon Crawl Stone Soup version 0.21.1-1-g345015f (webtiles) character file.

312 Flooderbenga the Grave Robber (level 6, 0/44 HPs)
             Began as a Gnoll Necromancer on Apr 26, 2018.
             Slain by a hound (4 damage)
             ... on level 5 of the Dungeon.
             The game lasted 00:22:59 (1116 turns).

Flooderbenga the Grave Robber (Gnoll Necromancer)   Turns: 1116, Time: 00:22:59

Health: 0/44       AC:  8    Str: 10    XL:     6   Next: 42%
Magic:  0/14       EV: 11    Int: 20    God:
Gold:   108        SH:  0    Dex: 18    Spells: 1/15 levels left

rFire    . . .     SeeInvis +   g - +1 dagger
rCold    . . .     Gourm    .   (no shield)
rNeg     . . .     Faith    .   u - +0 scale mail (curse)
rPois    .         Spirit   .   y - +1 helmet {SInv}
rElec    .         Reflect  .   (no cloak)
rCorr    .         Harm     .   (no gloves)
MR       .....                  (no boots)
Stlth    ++........             (no amulet)
HPRegen  0.14/turn              h - +3 ring of dexterity
MPRegen  0.14/turn              (no ring)

@: no status effects
A: distributed training, fangs 1, strong nose
a: no special abilities


You were on level 5 of the Dungeon.
You were not hungry.

You visited 1 branch of the dungeon, and saw 5 of its levels.

You collected 108 gold pieces.

Inventory:

Hand Weapons
 e - a +0 short sword
 g - a +1 dagger (weapon)
 t - a +0 hunting sling
 v - a +0 blowgun
Missiles
 i - 31 stones (quivered)
 l - 29 poisoned needles
Armour
 a - a +0 robe
 u - a cursed +0 scale mail (worn)
 y - a +1 helmet of see invisible (worn)
Jewellery
 h - a +3 ring of dexterity (left hand)
Wands
 q - a wand of flame (19)
 s - a wand of scattershot (2)
 w - a wand of acid (8)
Scrolls
 j - a scroll of enchant weapon
 m - a scroll of fog {@r4}
Potions
 d - a potion of might {@q4}
 n - a potion of haste {@q3}
 o - a potion of cancellation {unknown}
 p - a potion of brilliance
 x - a potion of flight {unknown}
Books
 b - a book of Necromancy

   Spells                             Type                      Level
   a - Pain                           Necromancy                   1
   b - Animate Skeleton               Necromancy                   1
   c - Vampiric Draining              Necromancy                   3
   d - Regeneration                   Charms/Necromancy            3
   e - Animate Dead                   Necromancy                   4
   f - Borgnjor's Vile Clutch         Necromancy/Earth             5
Comestibles
 c - 8 rations


   Skills:
 + Level 1.9 Fighting
 + Level 1.9 Short Blades
 + Level 1.9 Long Blades
 + Level 1.9 Axes
 + Level 1.9 Maces & Flails
 + Level 1.9 Polearms
 + Level 1.9 Staves
 + Level 1.9 Slings
 + Level 1.9 Bows
 + Level 1.9 Crossbows
 + Level 1.9 Throwing
 + Level 1.9 Armour
 + Level 5.0 Dodging
 + Level 4.6 Stealth
 + Level 1.9 Shields
 + Level 1.9 Unarmed Combat
 + Level 5.3 Spellcasting
 + Level 1.5 Conjurations
 + Level 1.5 Hexes
 + Level 1.5 Charms
 + Level 1.5 Summonings
 + Level 7.3 Necromancy
 + Level 1.5 Translocations
 + Level 1.5 Transmutations
 + Level 1.5 Fire Magic
 + Level 1.5 Ice Magic
 + Level 1.5 Air Magic
 + Level 1.5 Earth Magic
 + Level 1.5 Poison Magic
 + Level 2.1 Invocations
 + Level 1.9 Evocations


You had one spell level left.
You knew the following spells:

 Your Spells              Type           Power        Failure   Level  Hunger
a - Pain                  Necr           ####         3%          1    None
b - Animate Dead          Necr           N/A          34%         4    ####...
c - Borgnjor's Vile Clut  Necr/Erth      ###.......   97%         5    #####..
r - Regeneration          Chrm/Necr      ###.......   34%         3    ##.....
z - Animate Skeleton      Necr           N/A          3%          1    None


Dungeon Overview and Level Annotations

Branches:
Dungeon (5/15)
 Temple: D:4-7

Altars:
Ashenzari
Kikubaaqudgha
Uskayaw
Wu Jian
Xom
The Shining One

Annotations:
D:3 Jessica
D:4 exclusion: ogre


Innate Abilities, Weirdness & Mutations

Your experience applies equally to all skills.
You have very sharp teeth.
Your uncanny sense of smell can sniff out nearby items.


Message History

Before your eyes, flesh is ripped from the corpse!
The dead are walking!
You see here a chunk of flesh.
You now have 2/14 mp.
Eat a chunk of flesh? (ye/n/q)
You eat the chunk of flesh.
The crimson imp blinks!
Here: a crimson imp The floor.
Unknown command.
Unknown command.
Unknown command.
Aim: a hound (chance to defeat MR: 89%)
The hound writhes in agony!
You take 1 damage, and have 6/44 hp.
You now have 2/14 mp.
Aim: a hound (heavily wounded, chance to defeat MR: 89%)
The hound writhes in agony!
You take 1 damage, and have 5/44 hp.
You now have 1/14 mp.
Aim: a hound (heavily wounded, chance to defeat MR: 89%)
The hound writhes in agony!
The hound bites you.
You die...

.. #########
....#####........
........#Z#
...###@#.#
#...hZ.# #.##.###
.. .... ......[..
####......
#.#...# .5...##
∆.. .##


You could see a hound and a friendly ogre skeleton.

Vanquished Creatures
  An ogre (D:5)
  The ghost of azzavlup the Chopper, an amateur DsAK of Lugonu (D:3)
  An orc priest (D:4)
  3 adders
  3 gnolls (D:3)
  An ooze (D:3)
  A dart slug (D:2)
  A leopard gecko (D:1)
  2 giant cockroaches
  6 goblins
  2 hobgoblins (D:1)
  3 jackals (D:1)
  15 kobolds
  7 bats
  A frilled lizard (D:3)
  A jackal zombie (D:5)
  4 rats
53 creatures vanquished.

Vanquished Creatures (collateral kills)
  A jelly (D:3)
  A worm (D:3)
2 creatures vanquished.

Grand Total: 55 creatures vanquished

Notes
Turn   | Place    | Note
-------+----------+-------------------------------------------
     0 | D:1      | Flooderbenga the Gnoll Necromancer began the quest for the Orb.
     0 | D:1      | Reached XP level 1. HP: 13/13 MP: 6/6
    29 | D:1      | Learned a level 1 spell: Animate Skeleton
    57 | D:1      | Reached XP level 2. HP: 12/19 MP: 1/7
   135 | D:2      | Found an ornate altar of the Wu Jian Council.
   170 | D:1      | Found a shimmering altar of Xom.
   204 | D:1      | Reached XP level 3. HP: 3/25 MP: 0/9
   245 | D:1      | Learned a level 3 spell: Regeneration
   342 | D:1      | Reached skill level 5 in Spellcasting
   530 | D:2      | Reached skill level 1 in Invocations
   590 | D:2      | Reached skill level 1 in Fighting
   590 | D:2      | Reached skill level 1 in Short Blades
   590 | D:2      | Reached skill level 1 in Long Blades
   590 | D:2      | Reached skill level 1 in Axes
   590 | D:2      | Reached skill level 1 in Maces & Flails
   590 | D:2      | Reached skill level 1 in Polearms
   590 | D:2      | Reached skill level 1 in Staves
   590 | D:2      | Reached skill level 1 in Slings
   590 | D:2      | Reached skill level 1 in Bows
   590 | D:2      | Reached skill level 1 in Crossbows
   590 | D:2      | Reached skill level 1 in Throwing
   590 | D:2      | Reached skill level 1 in Armour
   590 | D:2      | Reached skill level 1 in Shields
   590 | D:2      | Reached skill level 1 in Unarmed Combat
   590 | D:2      | Reached skill level 1 in Evocations
   633 | D:2      | Reached XP level 4. HP: 15/32 MP: 4/11
   643 | D:2      | Learned a level 4 spell: Animate Dead
   730 | D:3      | Noticed azzavlup's ghost (amateur DsAK)
   785 | D:3      | Reached skill level 1 in Conjurations
   785 | D:3      | Reached skill level 1 in Hexes
   785 | D:3      | Reached skill level 1 in Charms
   785 | D:3      | Reached skill level 1 in Summonings
   785 | D:3      | Reached skill level 1 in Translocations
   785 | D:3      | Reached skill level 1 in Transmutations
   785 | D:3      | Reached skill level 1 in Fire Magic
   785 | D:3      | Reached skill level 1 in Ice Magic
   785 | D:3      | Reached skill level 1 in Air Magic
   785 | D:3      | Reached skill level 1 in Earth Magic
   785 | D:3      | Reached skill level 1 in Poison Magic
   850 | D:3      | Reached XP level 5. HP: 19/37 MP: 12/12
   863 | D:3      | Killed azzavlup's ghost
   955 | D:3      | Noticed Jessica
   987 | D:2      | Found a hide-covered altar of Uskayaw.
   987 | D:2      | Found a glowing golden altar of the Shining One.
   990 | D:2      | Found a shattered altar of Ashenzari.
  1023 | D:4      | Noticed an ogre
  1039 | D:4      | Found an ancient bone altar of Kikubaaqudgha.
  1051 | D:4      | Learned a level 5 spell: Borgnjor's Vile Clutch
  1054 | D:4      | Reached XP level 6. HP: 25/44 MP: 8/13
  1094 | D:5      | Entered Level 5 of the Dungeon
  1109 | D:5      | Reached skill level 5 in Dodging
  1116 | D:5      | Slain by a hound

Skill      XL: |  1  2  3  4  5  6 |
---------------+-------------------+-----
Spellcasting   | 5 |  5.3
Invocations    | 1 2 |  2.1
Fighting       | 1 |  1.9
Short Blades   | 1 |  1.9
Long Blades    | 1 |  1.9
Axes           | 1 |  1.9
Maces & Flails | 1 |  1.9
Polearms       | 1 |  1.9
Staves         | 1 |  1.9
Slings         | 1 |  1.9
Bows           | 1 |  1.9
Crossbows      | 1 |  1.9
Throwing       | 1 |  1.9
Armour         | 1 |  1.9
Shields        | 1 |  1.9
Unarmed Combat | 1 |  1.9
Evocations     | 1 |  1.9
Conjurations   | 1 |  1.5
Hexes          | 1 |  1.5
Charms         | 1 |  1.5
Summonings     | 1 |  1.5
Translocations | 1 |  1.5
Transmutations | 1 |  1.5
Fire Magic     | 1 |  1.5
Ice Magic      | 1 |  1.5
Air Magic      | 1 |  1.5
Earth Magic    | 1 |  1.5
Poison Magic   | 1 |  1.5
Dodging        | 5 |  5.0
Stealth        | |  4.6
Necromancy     | |  7.3

Action                   |  1- 3 |  4- 6 || total
-------------------------+-------+-------++-------
Melee: Unarmed           |     2 |       ||     2
       Dagger            |     3 |     6 ||     9
 Cast: Pain              |    43 |    38 ||    81
       Animate Skeleton  |     6 |     2 ||     8
       Regeneration      |     1 |     5 ||     6
Evoke: Wand              |       |    20 ||    20
  Use: Scroll            |       |     5 ||     5
       Potion            |       |     2 ||     2
 Stab: Sleeping          |     4 |     1 ||     5
  Eat: Chunk             |       |     1 ||     1
Armor: Scale mail        |       |     6 ||     6
Dodge: Dodged            |     4 |    15 ||    19
